 Dungeon Crawl Stone Soup version 0.23.2-40-g277498a001 (webtiles) character file.

Game seed: 15730645591732676005

53371 WorstMasterStudentEU the Fighter (level 15, -6/189 HPs)
             Began as a Human Monk on Sept 27, 2019.
             Was a High Priest of Zin.
             Mangled by a redback (11 damage)
             ... on level 2 of the Lair of Beasts.
             The game lasted 01:09:00 (27658 turns).

WorstMasterStudentEU the Fighter (Human Monk)      Turns: 27658, Time: 01:09:00

Health: -6/189     AC:  6    Str: 21    XL:     15   Next: 9%
Magic:  19/25      EV:  6    Int: 22    God:    Zin [*****.]
Gold:   1510       SH:  0    Dex: 21    Spells: 8/14 levels left

rFire    + . .     SeeInvis .   b - +6 shillelagh "Devastator" {shatter}
rCold    . . .     Gourm    .   (no shield)
rNeg     . . .     Faith    .   y - +4 scale mail {rPois}
rPois    ∞         Spirit   .   (no helmet)
rElec    .         Reflect  .   (no cloak)
rCorr    .         Harm     .   B - +0 pair of gloves
MR       +....                  (no boots)
Stlth    ..........             l - amulet of regeneration
HPRegen  0.81/turn              C - +2 ring of protection
MPRegen  0.19/turn              S - ring of protection from fire

@: berserking, vitalised, about to teleport, corroded, held, studying Earth
Magic, very quick
A: no striking features
a: Recite, Vitalisation, Imprison, Sanctuary, Donate Gold, Renounce Religion


You were on level 2 of the Lair of Beasts.
You worshipped Zin.
Zin was extremely pleased with you.
You were not hungry.

You visited 5 branches of the dungeon, and saw 23 of its levels.
You also visited: Ice Cave.

You collected 1662 gold pieces.
You donated 152 gold pieces to Zin.

Inventory:

Hand Weapons
 b - the +6 shillelagh "Devastator" (weapon) {shatter}
   (You found it on level 12 of the Dungeon)
 h - a +2 dagger of electrocution
Missiles
 o - 3 throwing nets (quivered)
Armour
 y - a +4 scale mail of poison resistance (worn)
 B - a +0 pair of gloves (worn)
Jewellery
 l - an amulet of regeneration (around neck)
 q - an uncursed amulet of rage
 C - a +2 ring of protection (left hand)
 S - a ring of protection from fire (right hand)
Wands
 a - a wand of enslavement (11)
 N - a wand of digging (3)
Scrolls
 d - a scroll of fear {unknown}
 f - 4 scrolls of enchant armour
 k - 2 scrolls of fog {unknown}
 r - 5 scrolls of immolation {unknown}
 t - 5 scrolls of blinking {unknown}
 u - 4 scrolls of enchant weapon {unknown}
 z - 8 scrolls of remove curse
 A - 3 scrolls of noise {unknown}
 E - 8 scrolls of identify
 F - a scroll of vulnerability {unknown}
 G - 2 scrolls of magic mapping
 I - 2 scrolls of brand weapon {unknown}
 J - a scroll of silence {unknown}
 Q - a scroll of random uselessness {unknown}
 U - 5 scrolls of amnesia {unknown}
 V - 2 scrolls of torment {unknown}
Potions
 g - 2 potions of agility
 i - 5 potions of brilliance
 j - 2 potions of magic
 p - 2 potions of mutation {unknown}
 v - 3 potions of curing
 D - a potion of degeneration {unknown}
 H - 3 potions of ambrosia
 O - a potion of might
 P - a potion of haste
 R - 4 potions of lignification {unknown}
 T - 3 potions of resistance
Books
 s - a manual of Earth Magic
 x - a manual of Earth Magic
Comestibles
 c - 22 rations


   Skills:
 + Level 14.2 Fighting
 - Level 1.6 Short Blades
   Level 11.9(13.4) Axes
 * Level 10.6(12.8) Maces & Flails
 + Level 4.5 Armour
 + Level 3.0 Dodging
 - Level 2.0 Stealth
 + Level 13.8 Invocations


You had 8 spell levels left.
You knew the following spells:

 Your Spells              Type           Power        Failure   Level  Hunger
a - Iron Shot             Conj/Erth      #.........   100%        6    #######

Your spell library contained the following spells:

 Spells                   Type           Power        Failure   Level  Hunger
 Animate Skeleton         Necr           N/A          41%         1    ##.....
 Flame Tongue             Conj/Fire      #....        41%         1    ##.....
 Pain                     Necr           #...         41%         1    ##.....
 Summon Butterflies       Summ           #.......     41%         1    ##.....
 Throw Flame              Conj/Fire      #.....       54%         2    ###....
 Call Canine Familiar     Summ           #.......     78%         3    ####...
 Conjure Flame            Conj/Fire      #.......     78%         3    ####...
 Inner Flame              Hex/Fire       #.......     78%         3    ####...
 Recall                   Summ/Tloc      N/A          78%         3    ####...
 Regeneration             Chrm/Necr      #.........   78%         3    ####...
 Spectral Weapon          Hex/Chrm       #.......     78%         3    ####...
 Tukima's Dance           Hex            #.......     78%         3    ####...
 Vampiric Draining        Necr           #.........   78%         3    ####...
 Animate Dead             Necr           N/A          99%         4    #####..
 Leda's Liquefaction      Hex/Erth       #.........   99%         4    #####..
 Sticky Flame             Conj/Fire      #.......     99%         4    #####..
 Summon Ice Beast         Ice/Summ       #.......     99%         4    #####..
 Bolt of Magma            Conj/Fire/Erth #.........   100%        5    ######.
 Borgnjor's Vile Clutch   Necr/Erth      #.........   100%        5    ######.
 Fireball                 Conj/Fire      #.........   100%        5    ######.
 Summon Mana Viper        Hex/Summ       #.......     100%        5    ######.
 Darkness                 Hex            #.........   100%        6    #######
 Death Channel            Necr           #.........   100%        6    #######
 Simulacrum               Ice/Necr       #.........   100%        6    #######
 Statue Form              Tmut/Erth      #........    100%        6    #######
 Summon Hydra             Summ           #.........   100%        7    #######
 Shatter                  Erth           #.........   100%        9    #######


Dungeon Overview and Level Annotations

Branches:
Dungeon (14/15)            Temple (1/1) D:4            Lair (6/6) D:10
 Shoals (0/4) Lair:3       Spider (1/4) Lair:2        Slime (0/5) Lair:5
    Orc (1/2) D:11         Vaults (0/5) D:13

Altars:
Ashenzari
Cheibriados
Dithmenos
Elyvilon
Fedhas
Gozag
Hepliaklqana
Kikubaaqudgha
Makhleb
Nemelex Xobeh
Okawaru
Qazlal
Ru
Sif Muna
Trog
Uskayaw
Vehumet
Wu Jian
Xom
Yredelemnul
Zin
The Shining One
Jiyva

Shops:
D:12 }

Annotations:
D:11 exclusion: downstairs
D:12 Azrael; Rupert
Lair:1 1 runed translucent door, dragonscale333's ghost, journeyman SpEn
Lair:3 exclusion: downstairs


Message History

The entropy weaver hits you!
* * * LOW HITPOINT WARNING * * *
The entropy weaver hits you!
* * * LOW HITPOINT WARNING * * *
The entropy weaver hits you.
* * * LOW HITPOINT WARNING * * *
The redback bites you!
* * * LOW HITPOINT WARNING * * *
You are too berserk!
You struggle to detach yourself from the web.
You feel a strong urge to attack something.
The entropy weaver barely misses you. The entropy weaver hits you.
* * * LOW HITPOINT WARNING * * *
The entropy weaver hits you.
* * * LOW HITPOINT WARNING * * *
The entropy weaver hits you.
* * * LOW HITPOINT WARNING * * *
The redback bites you but does no damage.
The redback bites you!
You die...

...#.#...........#P..............
....#............................
...#..........^....s.............
...#......^........#.............
.................^##.............
..........###^..^^##.............
#.#......###^^^^^^#..#P#........#
##........###^^ss#...############
#..###.....^##^^@....# ######
##..####....^##.as^^## #P#...
.#..#####.........^^# ###.....
......P#..^....^.^^#######....###
....#..#....^...##^#.##....#.###.
..###............##......#######.
..#####............(...### #.#
...# ##...###.#....##### ###.
...# #...## ##.#...# #...


You could see an entropy weaver and 3 redbacks.

Vanquished Creatures
  Josephine (D:13)
  Harold (D:8)
  5 hydras
  2 catoblepae
  2 centaur warriors (D:13)
  4 two-headed ogres
  A dancing weapon (D:13)
  Nergalle (D:12)
  Sonja (D:10)
  2 unseen horrors
  A wizard (D:10)
  A necromancer (Lair:3)
  2 wolf spiders
  4 cyclopes
  An ugly thing (D:11)
  4 black mambas
  9 spiny frogs
  3 centaur zombies
  A gargoyle (D:11)
  Psyche (D:11)
  7 komodo dragons
  8 rime drakes
  3 polar bears
  Prince Ribbit (D:6)
  12 trolls
  5 blink frogs
  A dream sheep (Lair:6)
  5 hippogriffs
  A spriggan (D:8)
  2 wyverns
  A vampire (D:11)
  A tarantella (Spider:1)
  5 wraiths
  6 redbacks (Lair:2)
  A hungry ghost (D:13)
  38 yaks
  2 fire elementals
  2 basilisks
  2 soldier ants
  A steam dragon (D:10)
  A soldier ant (shapeshifter) (D:11)
  2 hell hounds (D:12)
  11 orc warriors
  10 water moccasins
  6 porcupines
  5 sky beasts
  2 necrophages
  2 phantoms
  6 black bears
  12 ice beasts
  7 ogres
  11 wolves (Lair:4)
  2 centaurs
  14 crocodiles
  Blork the orc (D:6)
  2 big kobolds
  13 bullfrogs
  A wyvern zombie (D:11)
  9 scorpions
  A wyvern skeleton (D:11)
  2 water moccasin skeletons
  3 killer bees
  9 wights
  A howler monkey (D:6)
  4 electric eels
  9 crimson imps
  A bullfrog zombie (D:10)
  8 jellies
  12 hounds
  12 orc wizards
  2 bullfrog skeletons
  11 orc priests
  5 centaur skeletons
  Ijyb (D:5)
  2 iguanas
  5 hell rats
  2 yak simulacra (Lair:3)
  11 worker ants
  3 polar bear simulacra (Lair:3)
  2 wolf simulacra (Lair:3)
  A hound zombie (D:5)
  A hound skeleton (D:9)
  A howler monkey zombie (D:10)
  A howler monkey skeleton (D:7)
  8 gnolls
  17 adders
  4 shadow imps
  2 oozes
  2 adder skeletons
  4 worms
  A worm (shapeshifter) (D:13)
  2 dart slugs
  7 leopard geckos
  28 orcs
  2 ball pythons (D:1)
  8 giant cockroaches
  2 gnoll zombies (D:6)
  2 goblins
  8 hobgoblins
  16 jackals
  5 quokkas
  8 bats
  5 frilled lizards
  23 kobolds
  A quokka zombie (D:6)
  4 rats
  4 river rat simulacra (Lair:3)
541 creatures vanquished.

Vanquished Creatures (collateral kills)
  A black mamba (Lair:6)
  An orc (D:8)
2 creatures vanquished.

Vanquished Creatures (others)
  A centaur zombie (D:11)
  A fire vortex (Lair:3)
  4 fungi
  A pillar of salt (D:13)
  22 plants
29 creatures vanquished.

Grand Total: 572 creatures vanquished

Notes
Turn   | Place    | Note
-------+----------+-------------------------------------------
     0 | D:1      | WorstMasterStudentEU the Human Monk began the quest for the
                  | Orb.
     0 | D:1      | Reached XP level 1. HP: 18/18 MP: 1/1
   280 | D:1      | Reached XP level 2. HP: 20/24 MP: 2/2
   463 | D:1      | Reached XP level 3. HP: 29/30 MP: 3/3
  1018 | D:2      | Reached skill level 4 in Fighting
  1209 | D:1      | Reached XP level 4. HP: 31/37 MP: 4/4
  1266 | D:1      | Reached skill level 1 in Short Blades
  1755 | D:2      | Reached XP level 5. HP: 34/43 MP: 5/5
  2076 | D:2      | Noticed a fire elemental
  2078 | D:2      | Found a stormy altar of Qazlal.
  2230 | D:2      | Noticed a water elemental
  2232 | D:2      | Noticed an air elemental
  3110 | D:4      | Reached skill level 5 in Fighting
  3110 | D:4      | Reached XP level 6. HP: 45/51 MP: 6/6
  3340 | D:4      | Noticed a phantom
  3750 | D:4      | Found a staircase to the Ecumenical Temple.
  3851 | Temple   | Entered the Ecumenical Temple
  4071 | Temple   | Became a worshipper of Zin the Law-Giver
  4071 | Temple   | Reached * piety under Zin
  4071 | Temple   | Reached ** piety under Zin
  4759 | D:5      | Entered Level 5 of the Dungeon
  4766 | D:5      | Reached skill level 1 in Axes
  4951 | D:5      | Reached XP level 7. HP: 36/56 MP: 7/7
  5109 | D:5      | Reached *** piety under Zin
  5135 | D:5      | Found a burning altar of Makhleb.
  5342 | D:5      | Reached skill level 6 in Fighting
  5427 | D:5      | Found a white marble altar of Elyvilon.
  5517 | D:5      | Noticed Ijyb
  5535 | D:5      | Killed Ijyb
  5735 | D:5      | Reached XP level 8. HP: 27/65 MP: 8/8
  6388 | D:6      | Noticed Prince Ribbit
  6409 | D:6      | Killed Prince Ribbit
  6409 | D:6      | Reached skill level 7 in Fighting
  6409 | D:6      | Reached skill level 1 in Invocations
  6767 | D:6      | Noticed Blork the orc
  6792 | D:6      | Killed Blork the orc
  7079 | D:6      | Reached skill level 5 in Axes
  7082 | D:6      | Reached XP level 9. HP: 32/72 MP: 11/11
  7269 | D:6      | Reached **** piety under Zin
  7830 | D:6      | Got an iridescent whip
  7845 | D:6      | Found a basalt altar of Yredelemnul.
  7853 | D:6      | Identified the cursed +2 whip of the Orcish Mines {slash,
                  | rPois rF+ rC- rN++} (You found it on level 6 of the
                  | Dungeon)
  8034 | D:7      | Reached skill level 8 in Fighting
  8097 | D:7      | Found an opulent altar of Gozag.
  8143 | D:7      | Reached ***** piety under Zin
  8441 | D:8      | Reached skill level 5 in Invocations
  8784 | D:8      | Found a hide-covered altar of Uskayaw.
  9137 | D:8      | Noticed Harold
  9233 | D:9      | Reached XP level 10. HP: 33/82 MP: 14/14
  9236 | D:9      | Noticed a two-headed ogre
  9266 | D:8      | Reached skill level 9 in Fighting
  9705 | D:10     | Entered Level 10 of the Dungeon
  9807 | D:10     | Noticed a komodo dragon
 10185 | D:8      | Killed Harold
 10610 | D:9      | Found a shadowy altar of Dithmenos.
 10610 | D:9      | Found a snail-covered altar of Cheibriados.
 10623 | D:9      | Found a shimmering altar of Xom.
 10625 | D:9      | Found a sparkling altar of Nemelex Xobeh.
 10626 | D:9      | Found a shattered altar of Ashenzari.
 10643 | D:9      | Got a crude war axe
 10644 | D:9      | Identified the +11 war axe of the Ecumenical Temple {drain,
                  | *Noise rF+ Int+8 Dex+3} (You found it on level 9 of the
                  | Dungeon)
 10786 | D:10     | Found a staircase to the Lair.
 10834 | D:10     | Noticed Sonja
 11220 | D:10     | Reached skill level 10 in Fighting
 11246 | D:10     | Killed a komodo dragon
 11447 | D:10     | Reached XP level 11. HP: 81/91 MP: 17/17
 11893 | D:10     | Reached ****** piety under Zin
 11918 | D:10     | Noticed a wizard
 11930 | D:10     | Killed a wizard
 12044 | D:10     | Noticed a two-headed ogre
 12057 | D:10     | Killed a two-headed ogre
 12057 | D:10     | Reached skill level 11 in Fighting
 12330 | D:10     | Identified the +5 ring mail "Etig" {+Fly rCorr Slay+2}
 12774 | D:10     | Killed Sonja
 12774 | D:10     | Reached skill level 10 in Axes
 12950 | D:11     | Reached skill level 10 in Invocations
 13243 | D:11     | Identified the Catalogue of Ointment
 13386 | Lair:1   | Entered Level 1 of the Lair of Beasts
 13497 | Lair:1   | Reached XP level 12. HP: 89/100 MP: 19/19
 13543 | Lair:1   | Found a runed translucent door.
 13546 | Lair:1   | Noticed dragonscale333's ghost (journeyman SpEn)
 13562 | Lair:1   | Found a frozen archway.
 13642 | IceCv    | Entered an ice cave
 13737 | D:11     | Noticed a two-headed ogre
 13760 | D:11     | Killed a two-headed ogre
 14421 | D:10     | Killed an unseen horror
 14613 | D:11     | Reached skill level 12 in Fighting
 14666 | D:11     | Found a staircase to the Orcish Mines.
 14991 | D:11     | Noticed Psyche
 15005 | D:11     | Killed Psyche
 15612 | D:12     | Found Jypieh's Gadget Shoppe.
 15816 | D:12     | Noticed an iron dragon
 15816 | D:12     | Noticed a two-headed ogre
 15817 | D:12     | Noticed a two-headed ogre
 15818 | D:12     | Found the +6 shillelagh "Devastator" {shatter}
 15825 | D:12     | Noticed Nergalle
 15826 | D:12     | Killed a two-headed ogre
 15843 | D:12     | Killed a two-headed ogre
 16214 | D:12     | Noticed Azrael
 16803 | D:10     | Reached XP level 13. HP: 48/108 MP: 21/21
 17903 | D:12     | Noticed Rupert
 18045 | D:12     | Killed Nergalle
 18515 | Lair:1   | Reached skill level 5 in Maces & Flails
 18525 | Lair:1   | Learned a level 6 spell: Iron Shot
 18561 | Lair:1   | Reached skill level 13 in Fighting
 19012 | Lair:2   | Found a hole to the Spider Nest.
 19329 | Lair:2   | You fall through a shaft for 2 floors!
 19678 | Lair:3   | Noticed a catoblepas
 19691 | Lair:3   | Killed a catoblepas
 19964 | Lair:3   | Found a staircase to the Shoals.
 20497 | Lair:4   | Noticed a five-headed hydra
 20528 | Lair:4   | Noticed an eight-headed hydra
 20663 | Lair:4   | Reached XP level 14. HP: 116/118 MP: 23/23
 22025 | Lair:5   | Reached skill level 1 in Armour
 22096 | Lair:5   | Found a staircase to the Slime Pits.
 22103 | Lair:5   | Found a viscous altar of Jiyva.
 22644 | Lair:6   | Entered Level 6 of the Lair of Beasts
 25054 | D:11     | Reached skill level 14 in Fighting
 25486 | D:13     | Reached skill level 10 in Maces & Flails
 25712 | D:13     | Noticed Josephine
 25730 | D:13     | Killed Josephine
 26396 | D:13     | Found a gate to the Vaults.
 26547 | D:13     | Reached XP level 15. HP: 34/126 MP: 25/25
 27342 | Orc:1    | Entered Level 1 of the Orcish Mines
 27342 | Orc:1    | Noticed an orc warlord
 27472 | Spider:1 | Entered Level 1 of the Spider Nest
 27658 | Lair:2   | HP: 6/189 [entropy weaver (5)]
 27658 | Lair:2   | Mangled by a redback

Skill      XL: |  1  2  3  4  5  6  7  8  9 10 11 12 13 14 |
---------------+-------------------------------------------+-----
Fighting       | 4 5 6 7 8 10 11 12 13 14 | 14.2
Short Blades   | 1 |  1.6
Maces & Flails | 4 7 10 | 10.6
Axes           | 1 3 5 6 8 10 11 | 11.9
Invocations    | 3 5 8 10 11 12 13 | 13.8
Armour         | 4 |  4.5
Dodging        | |  3.0
Stealth        | |  2.0

Action                   |  1- 3 |  4- 6 |  7- 9 | 10-12 | 13-15 || total
-------------------------+-------+-------+-------+-------+-------++-------
Melee: Mace              |    19 |   147 |       |       |       ||   166
       Dagger            |    58 |    37 |       |       |       ||    95
       Hand axe          |       |    17 |   368 |   943 |   187 ||  1515
       Shillelagh        |       |       |       |       |   519 ||   519
Invok: Recite            |       |       |     2 |    31 |     6 ||    39
       Imprison          |       |       |       |       |     7 ||     7
       Vitalisation      |       |       |       |       |     2 ||     2
       Sanctuary         |       |       |       |       |     2 ||     2
Evoke: Wand              |       |       |       |    16 |    31 ||    47
  Use: Potion            |       |     3 |       |     5 |     7 ||    15
       Scroll            |       |       |    10 |    10 |    11 ||    31
 Stab: Sleeping          |     3 |    11 |     3 |     2 |       ||    19
       Confused          |       |       |       |    34 |     3 ||    37
       Distracted        |       |       |       |     2 |       ||     2
       Paralysed         |       |       |       |    11 |       ||    11
       Invisible         |       |       |       |     5 |       ||     5
  Eat: Chunk             |     1 |     3 |     3 |    11 |    18 ||    36
       Ration            |       |     3 |     3 |     4 |     5 ||    15
Armor: Robe              |    14 |    15 |       |       |       ||    29
       Leather armour    |       |     1 |     6 |       |       ||     7
       Scale mail        |       |       |   145 |   435 |   329 ||   909
Dodge: Dodged            |    52 |   156 |   174 |   416 |   302 ||  1100
